Maple Leafs vs Capitals
Created - 5 décembre 2012 at 23:14
Goals
|
| Maple Leafs |
1 |
0 |
0 |
1 |
| Capitals |
2 |
2 |
4 |
8 |
|
Shots
|
| Maple Leafs |
12 |
7 |
8 |
27 |
| Capitals |
11 |
9 |
15 |
35 |
|
1st period
1. Maple Leafs , Claude Giroux 3 (Peter Forsberg, Dustin Penner) at 4:58
2. Capitals , Patrick Kane 5 (Sergei Gonchar, Evgeni Malkin) at 10:59
3. Capitals , Mike Richards 2 (Patrick Kane, Evgeni Malkin) at 19:41
Penalties :
Evgeni Malkin (Was) for Goalie Interference (Minor) at 6:55, Derek Roy (Tor) for Interference (Minor) at 6:55
2nd period
4. Capitals , Evgeni Malkin 8 (Patrick Kane, Éric Dazé) at 15:09
5. Capitals , Evgeni Malkin 9 (Dennis Wideman) at 19:27
Penalties :
Steve Ott (Tor) for Tripping (Minor) at 3:56, Nicklas Backstrom (Was) for Holding (Minor) at 19:21, Dion Phaneuf (Tor) for Interference (Minor) at 19:21
3rd period
6. Capitals , Evgeni Malkin 10 (Sergei Gonchar, Dennis Wideman) at 0:14
7. Capitals , Peter Regin 1 (Ales Hemsky, Dennis Wideman) at 12:03
8. Capitals , Evgeni Malkin 11 (Patrick Kane, François Beauchemin) at 14:35
9. Capitals , Peter Regin 2 (Ales Hemsky, François Beauchemin) at 18:37
Penalties :
Brad Boyes (Tor) for Hooking (Minor) at 7:56, Patrick Kane (Was) for Holding (Minor) at 12:11, Peter Forsberg (Tor) for Goalie Interference (Minor) at 12:11, Alex Tanguay (Was) for Interference (Minor) at 14:39
Goalie Stats
Marc-André Fleury (Tor), 11 saves from 14 shots - (0,786), 19:46 minutes
Mike Dunham (Tor), 16 saves from 21 shots - (0,762), L, 1-1-0, 40:14 minutes
Marty Turco (Was), 26 saves from 27 shots - (0,963), W, 7-2-0, 60:00 minutes
Players Stats for Maple Leafs
Player Name G A P +/- PIM S H SB GA TA FO MP PP MP PK MP
------------------------------------------------------------------------------------
Alex Goligoski 0 0 0 -2 0 1 0 1 0 1 0/0 18:38 0:55 1:47
Andy Hilbert 0 0 0 -2 0 2 1 0 0 0 0/1 8:07 0:00 1:00
Brad Boyes 0 0 0 -2 2 3 1 0 0 0 0/0 19:51 1:12 0:30
Brent Burns 0 0 0 -3 0 0 0 0 0 0 0/0 20:14 0:55 0:00
Brett Clark 0 0 0 0 0 0 1 0 0 1 0/0 15:13 0:00 1:47
Claude Giroux 1 0 1 -4 0 5 1 0 1 0 1/1 24:56 0:47 2:11
Derek Roy 0 0 0 -1 2 1 1 1 0 0 8/15 13:56 0:58 0:00
Dion Phaneuf 0 0 0 -3 2 0 1 5 0 2 0/0 28:02 1:04 2:11
Dustin Penner 0 1 1 0 0 0 3 0 0 0 1/3 17:00 0:58 0:00
Eric Brewer 0 0 0 -5 0 1 0 5 0 0 0/0 21:39 1:04 2:11
Jordan Leopold 0 0 0 0 0 0 0 1 0 0 0/0 12:00 0:00 0:00
Lasse Kukkonen 0 0 0 -1 0 0 0 0 0 0 0/0 4:24 0:00 0:00
Paul Stastny 0 0 0 -3 0 2 0 0 0 0 4/6 8:13 0:00 0:00
Peter Forsberg 0 1 1 -3 2 4 0 0 2 0 22/32 23:09 1:01 2:11
Rob Niedermayer 0 0 0 -1 0 2 2 1 0 0 3/6 14:03 0:00 1:17
Scott Walker 0 0 0 -1 0 2 1 0 2 0 0/0 12:35 0:00 0:00
Steve Ott 0 0 0 -1 2 3 2 0 0 0 0/0 12:44 0:00 0:00
Zach Parise 0 0 0 -1 0 1 2 2 2 0 0/0 15:16 1:01 0:47
Players Stats for Capitals
Player Name G A P +/- PIM S H SB GA TA FO MP PP MP PK MP
------------------------------------------------------------------------------------
Ales Hemsky 0 2 2 2 0 2 1 0 0 0 0/0 8:44 0:00 0:00
Alex Tanguay 0 0 0 0 2 5 5 0 0 1 0/1 14:59 1:59 0:00
Brian Rolston 0 0 0 3 0 0 2 0 0 2 0/0 16:23 0:00 0:10
Corey Perry 0 0 0 0 0 1 1 0 0 0 0/0 15:33 1:59 1:10
Darius Kasparaitis 0 0 0 2 0 2 1 1 0 1 0/0 11:44 0:32 0:00
Dennis Wideman 0 3 3 2 0 1 0 0 0 1 0/0 23:01 1:35 0:31
Éric Dazé 0 1 1 2 0 0 1 0 0 0 0/0 9:23 0:00 0:39
Evgeni Malkin 4 2 6 5 2 6 1 2 0 0 14/29 22:41 1:59 0:40
François Beauchemin 0 2 2 3 0 2 0 0 0 1 0/0 25:54 1:51 0:31
Jason Blake 0 0 0 0 0 1 0 2 0 0 0/0 11:02 0:00 0:00
Jordan Staal 0 0 0 0 0 0 1 0 1 0 2/8 11:56 0:00 0:44
Keith Ballard 0 0 0 2 0 0 0 0 0 0 0/0 11:12 0:00 0:00
Mike Richards 1 0 1 2 0 1 0 0 0 1 2/3 18:14 1:59 0:00
Nicklas Backstrom 0 0 0 0 2 3 0 0 0 0 5/12 14:48 1:59 0:35
Patrick Kane 1 3 4 3 2 5 1 0 1 0 0/6 19:33 1:59 0:00
Peter Regin 2 0 2 2 0 4 3 0 1 0 2/5 8:44 0:00 0:00
Sergei Gonchar 0 2 2 4 0 2 1 2 1 0 0/0 26:41 2:07 1:28
Toni Lydman 0 0 0 1 0 0 1 1 0 0 0/0 21:28 1:51 1:28
3 Stars
1 - Evgeni Malkin (Was)
2 - Patrick Kane (Was)
3 - Peter Regin (Was)
Power Play
Maple Leafs - 0 on 1 Attempt(s) - 0,00%
Capitals - 0 on 2 Attempt(s) - 0,00%
Penalty Kill
Maple Leafs - 2 on 2 Attempt(s) - 100,00%
- Score 0 goal in Penalty Kill
Capitals - 1 on 1 Attempt(s) - 100,00%
- Score 0 goal in Penalty Kill
Official
Referees : Pochmara Brian and Devorski Paul
Linesman : Derek Amell and Brad Lazarowich
Game Notes
10:59 of 1st period - Capitals goal is going for a video replay. After video review, Goal.
Evgeni Malkin has scored a Hat Trick!
Marc-André Fleury enters game at 0:14 of 3rd period
Finance
Level 1 -- Attendance: 4467 (74,45%) -- Ticket Income 446 700 $
Level 2 -- Attendance: 3757 (75,14%) -- Ticket Income 225 420 $
Level 3 -- Attendance: 1521 (76,05%) -- Ticket Income 53 235 $
Level 4 -- Attendance: 3621 (90,53%) -- Ticket Income 72 420 $
Luxury Box -- Attendance: 727 (72,70%) -- Ticket Income 145 400 $
Game was played at the Verizon Center
Total Attendance: 14093 (78,29%)
Total Ticket Income: 943 175 $
Total Income: 943 175 $
Maple Leafs
5 vs 5 Forward
Center Left Wing Right Wing Time % Phy DF OF
1 Peter Forsberg Dustin Penner Claude Giroux 40 1 1 3
2 Derek Roy Zach Parise Brad Boyes 30 1 2 2
3 Rob Niedermayer Steve Ott Scott Walker 20 1 3 1
4 Paul Stastny Andy Hilbert Brad Boyes 10 1 2 2
5 vs 5 Defense
Defense Defense Time % Phy DF OF
1 Dion Phaneuf Brent Burns 40 1 2 2
2 Eric Brewer Alex Goligoski 30 1 2 2
3 Brett Clark Jordan Leopold 20 1 2 2
4 Dion Phaneuf Lasse Kukkonen 10 1 2 2
PowerPlay Forward
Center Left Wing Right Wing Time % Phy DF OF
1 Peter Forsberg Zach Parise Claude Giroux 60 1 2 2
2 Derek Roy Dustin Penner Brad Boyes 40 1 2 2
PowerPlay Defense
Defense Defense Time % Phy DF OF
1 Dion Phaneuf Eric Brewer 60 1 2 2
2 Brent Burns Alex Goligoski 40 1 2 2
Penalty Kill 4 Players Forward
Center Wing Time % Phy DF OF
1 Peter Forsberg Claude Giroux 60 1 2 2
2 Zach Parise Brad Boyes 40 1 2 2
Penalty Kill 4 Players Defense
Defense Defense Time % Phy DF OF
1 Dion Phaneuf Eric Brewer 60 1 2 2
2 Brett Clark Alex Goligoski 40 1 2 2
Penalty Kill - 3 Players Forward
Forward Time % Phy DF OF
1 Peter Forsberg 60 1 2 2
2 Claude Giroux 40 1 2 2
Penalty Kill - 3 Players Defense
Defense Defense Time % Phy DF OF
1 Dion Phaneuf Eric Brewer 60 1 2 2
2 Brett Clark Alex Goligoski 40 1 2 2
4 vs 4 Forward
Center Wing Time % Phy DF OF
1 Peter Forsberg Claude Giroux 60 1 2 2
2 Zach Parise Brad Boyes 40 1 2 2
4 vs 4 Defense
Defense Defense Time % Phy DF OF
1 Dion Phaneuf Eric Brewer 60 1 2 2
2 Brett Clark Alex Goligoski 40 1 2 2
Last Minutes Offensive
Center Left Wing Right Wing Defense Defense
Peter Forsberg Zach Parise Claude Giroux Dion Phaneuf Eric Brewer
Last Minutes Defensive
Center Left Wing Right Wing Defense Defense
Peter Forsberg Zach Parise Claude Giroux Dion Phaneuf Eric Brewer
Goaltenders
Starting : Mike Dunham
Backup : Marc-André Fleury
Extra Forwards
Normal : Claude Giroux, Peter Forsberg, Paul Stastny - PP : Brad Boyes, Claude Giroux - PK : Rob Niedermayer
Extra Defensemen
Normal : Brent Burns, Jordan Leopold, Brett Clark - PP : Brent Burns - PK : Jordan Leopold, Brett Clark
Penalty Shots
Peter Forsberg, Claude Giroux, Zach Parise, Brad Boyes, Derek Roy
Capitals
5 vs 5 Forward
Center Left Wing Right Wing Time % Phy DF OF
1 Evgeni Malkin Mike Richards Patrick Kane 40 0 1 4
2 Nicklas Backstrom Alex Tanguay Corey Perry 27 0 2 3
3 Jordan Staal Jason Blake Brian Rolston 23 0 2 3
4 Peter Regin Éric Dazé Ales Hemsky 10 0 2 3
5 vs 5 Defense
Defense Defense Time % Phy DF OF
1 Sergei Gonchar François Beauchemin 46 0 2 3
2 Dennis Wideman Toni Lydman 34 1 2 2
3 Darius Kasparaitis Keith Ballard 10 3 2 0
4 François Beauchemin Dennis Wideman 10 0 2 3
PowerPlay Forward
Center Left Wing Right Wing Time % Phy DF OF
1 Evgeni Malkin Alex Tanguay Patrick Kane 60 0 1 4
2 Nicklas Backstrom Mike Richards Corey Perry 40 0 1 4
PowerPlay Defense
Defense Defense Time % Phy DF OF
1 Sergei Gonchar Dennis Wideman 60 0 3 2
2 Toni Lydman François Beauchemin 40 0 3 2
Penalty Kill 4 Players Forward
Center Wing Time % Phy DF OF
1 Evgeni Malkin Corey Perry 60 1 2 2
2 Jordan Staal Brian Rolston 40 1 2 2
Penalty Kill 4 Players Defense
Defense Defense Time % Phy DF OF
1 Sergei Gonchar Toni Lydman 60 1 2 2
2 Dennis Wideman François Beauchemin 40 1 2 2
Penalty Kill - 3 Players Forward
Forward Time % Phy DF OF
1 Evgeni Malkin 60 1 2 2
2 Jordan Staal 40 1 2 2
Penalty Kill - 3 Players Defense
Defense Defense Time % Phy DF OF
1 Sergei Gonchar Toni Lydman 60 1 2 2
2 Dennis Wideman François Beauchemin 40 1 2 2
4 vs 4 Forward
Center Wing Time % Phy DF OF
1 Evgeni Malkin Brian Rolston 60 1 2 2
2 Alex Tanguay Corey Perry 40 1 2 2
4 vs 4 Defense
Defense Defense Time % Phy DF OF
1 Sergei Gonchar Dennis Wideman 60 1 2 2
2 Toni Lydman François Beauchemin 40 1 2 2
Last Minutes Offensive
Center Left Wing Right Wing Defense Defense
Evgeni Malkin Alex Tanguay Corey Perry Sergei Gonchar Dennis Wideman
Last Minutes Defensive
Center Left Wing Right Wing Defense Defense
Evgeni Malkin Alex Tanguay Corey Perry Sergei Gonchar Toni Lydman
Goaltenders
Starting : Marty Turco
Backup : Ty Conklin
Extra Forwards
Normal : Evgeni Malkin, Patrick Kane, Nicklas Backstrom - PP : Evgeni Malkin, Corey Perry - PK : Nicklas Backstrom
Extra Defensemen
Normal : Toni Lydman, Dennis Wideman, Sergei Gonchar - PP : Sergei Gonchar - PK : Toni Lydman, Dennis Wideman
Penalty Shots
Evgeni Malkin, Patrick Kane, Mike Richards, Corey Perry, Alex Tanguay
% Time on Ice - Maple Leafs
Lines # - Real PCT - Wanted PCT - Time Play
Normal Forward
1 - 36% - 40% - 17:11
2 - 26% - 30% - 12:20
3 - 26% - 20% - 12:20
4 - 13% - 10% - 6:15
Normal Defense
1 - 39% - 40% - 18:55
2 - 30% - 30% - 14:14
3 - 22% - 20% - 10:33
4 - 9% - 10% - 4:24
PP Forward
1 - 51% - 60% - 1:01
2 - 49% - 40% - 0:58
PP Defense
1 - 54% - 60% - 1:04
2 - 46% - 40% - 0:55
PK Forward
1 - 80% - 60% - 3:11
2 - 20% - 40% - 0:47
PK Defense
1 - 55% - 60% - 2:11
2 - 45% - 40% - 1:47
PK3 Forward
1 - 0% - 60%
2 - 0% - 40%
PK3 Defense
1 - 0% - 60%
2 - 0% - 40%
44 Forward
1 - 83% - 60% - 4:56
2 - 17% - 40% - 1:01
44 Defense
1 - 71% - 60% - 4:15
2 - 29% - 40% - 1:42
Last Minute Offensive - 0:00
Last Minute Defensive - 0:00
Total
Forward - 60:00
Defense - 60:00
|
% Time on Ice - Capitals
Lines # - Real PCT - Wanted PCT - Time Play
Normal Forward
1 - 35% - 40% - 16:45
2 - 24% - 27% - 11:35
3 - 23% - 23% - 11:02
4 - 18% - 10% - 8:44
Normal Defense
1 - 41% - 46% - 19:31
2 - 32% - 34% - 15:25
3 - 23% - 10% - 11:12
4 - 4% - 10% - 1:58
PP Forward
1 - 50% - 60% - 1:59
2 - 50% - 40% - 1:59
PP Defense
1 - 53% - 60% - 2:07
2 - 47% - 40% - 1:51
PK Forward
1 - 92% - 60% - 1:49
2 - 8% - 40% - 0:10
PK Defense
1 - 74% - 60% - 1:28
2 - 26% - 40% - 0:31
PK3 Forward
1 - 0% - 60%
2 - 0% - 40%
PK3 Defense
1 - 0% - 60%
2 - 0% - 40%
44 Forward
1 - 83% - 60% - 4:58
2 - 17% - 40% - 0:59
44 Defense
1 - 60% - 60% - 3:35
2 - 40% - 40% - 2:22
Last Minute Offensive - 0:00
Last Minute Defensive - 0:00
Total
Forward - 60:00
Defense - 60:00
|
Play by Play
1st period
0:01 of 1st period - Evgeni Malkin wins face-off versus Peter Forsberg in neutral zone.
0:15 of 1st period - Wrist shot by Peter Forsberg.
0:15 of 1st period - Stopped by Marty Turco without a rebound.
0:16 of 1st period - Nicklas Backstrom wins face-off versus Derek Roy in Capitals zone.
0:43 of 1st period - Rob Niedermayer is hit by Brian Rolston and loses puck.
1:43 of 1st period - Backhand shot by Dion Phaneuf.
1:43 of 1st period - Shot Misses the Net.
1:51 of 1st period - Sergei Gonchar is hit by Scott Walker and loses puck.
2:14 of 1st period - Snap shot by Claude Giroux.
2:14 of 1st period - Shot Blocked by Sergei Gonchar.
2:16 of 1st period - Backhand shot by Dion Phaneuf.
2:16 of 1st period - Shot Misses the Net.
3:15 of 1st period - Wrist shot by Corey Perry.
3:15 of 1st period - Shot Blocked by Eric Brewer.
4:11 of 1st period - Scott Walker is hit by Patrick Kane and loses puck.
4:36 of 1st period - Snap shot by Corey Perry.
4:36 of 1st period - Shot Misses the Net.
4:38 of 1st period - Slapshot by Darius Kasparaitis.
4:38 of 1st period - Shot Blocked by Zach Parise.
4:40 of 1st period - Backhand shot by Darius Kasparaitis.
4:40 of 1st period - Stopped by Mike Dunham without a rebound.
4:41 of 1st period - Claude Giroux wins face-off versus Jordan Staal in Maple Leafs zone.
4:48 of 1st period - Wrist shot by Claude Giroux.
4:48 of 1st period - Stopped by Marty Turco without a rebound.
4:49 of 1st period - Dustin Penner wins face-off versus Evgeni Malkin in Capitals zone.
4:58 of 1st period - Slapshot by Claude Giroux.
4:58 of 1st period - Goal by Claude Giroux - Maple Leafs : 1 - Capitals : 0.
4:59 of 1st period - Derek Roy wins face-off versus Evgeni Malkin in neutral zone.
5:31 of 1st period - Backhand shot by Corey Perry.
5:31 of 1st period - Deflect By Alex Tanguay.
5:31 of 1st period - Stopped by Mike Dunham with a rebound.
5:49 of 1st period - Slapshot by Dion Phaneuf.
5:49 of 1st period - Shot Blocked by Darius Kasparaitis.
6:11 of 1st period - Icing by Mike Richards.
6:12 of 1st period - Paul Stastny wins face-off versus Patrick Kane in Capitals zone.
6:21 of 1st period - Wrist shot by Paul Stastny.
6:21 of 1st period - Stopped by Marty Turco with a rebound.
6:23 of 1st period - Snap shot by Brad Boyes.
6:23 of 1st period - Stopped by Marty Turco with a rebound.
6:25 of 1st period - Wrist shot by Andy Hilbert.
6:25 of 1st period - Shot Blocked by Sergei Gonchar.
6:27 of 1st period - Snap shot by Andy Hilbert.
6:27 of 1st period - Stopped by Marty Turco without a rebound.
6:28 of 1st period - Peter Forsberg wins face-off versus Nicklas Backstrom in Capitals zone.
6:55 of 1st period - Minor Penalty to Evgeni Malkin for Goalie Interference.
6:55 of 1st period - Minor Penalty to Derek Roy for Interference.
6:56 of 1st period - Peter Forsberg wins face-off versus Patrick Kane in Maple Leafs zone.
7:54 of 1st period - Snap shot by Corey Perry.
7:54 of 1st period - Deflect By Alex Tanguay.
7:54 of 1st period - Shot Misses the Net.
7:54 of 1st period - Puck is out of play.
7:55 of 1st period - Peter Forsberg wins face-off versus Alex Tanguay in Maple Leafs zone.
8:03 of 1st period - Wrist shot by Alex Tanguay.
8:03 of 1st period - Stopped by Mike Dunham with a rebound.
8:05 of 1st period - Snap shot by Toni Lydman.
8:05 of 1st period - Shot Blocked by Dion Phaneuf.
8:07 of 1st period - Wrist shot by Corey Perry.
8:07 of 1st period - Shot Misses the Net.
8:09 of 1st period - Slapshot by François Beauchemin.
8:09 of 1st period - Deflect By Alex Tanguay.
8:09 of 1st period - Shot Blocked by Dion Phaneuf.
8:09 of 1st period - Puck is out of play.
8:10 of 1st period - Peter Forsberg wins face-off versus Patrick Kane in Maple Leafs zone.
8:55 of 1st period - Penalty to Evgeni Malkin is over, Evgeni Malkin is back on ice.
8:55 of 1st period - Penalty to Derek Roy is over, Derek Roy is back on ice.
9:08 of 1st period - Snap shot by Peter Regin.
9:08 of 1st period - Stopped by Mike Dunham with a rebound.
9:10 of 1st period - Slapshot by Dennis Wideman.
9:10 of 1st period - Deflect By Brett Clark.
9:10 of 1st period - Stopped by Mike Dunham without a rebound.
9:11 of 1st period - Derek Roy wins face-off versus Patrick Kane in Maple Leafs zone.
10:49 of 1st period - Slapshot by Steve Ott.
10:49 of 1st period - Deflect By Rob Niedermayer.
10:49 of 1st period - Shot Misses the Net.
10:49 of 1st period - Puck is out of play.
10:50 of 1st period - Evgeni Malkin wins face-off versus Dustin Penner in Capitals zone.
10:55 of 1st period - Wrist shot by Patrick Kane.
10:55 of 1st period - Shot Misses the Net.
10:59 of 1st period - Wrist shot by Patrick Kane.
10:59 of 1st period - Capitals goal is going for a video replay.
10:59 of 1st period - The goal is good.
10:59 of 1st period - Goal by Patrick Kane - Maple Leafs : 1 - Capitals : 1.
11:00 of 1st period - Evgeni Malkin wins face-off versus Peter Forsberg in neutral zone.
11:13 of 1st period - Snap shot by Patrick Kane.
11:13 of 1st period - Deflect By Claude Giroux.
11:13 of 1st period - Shot Misses the Net.
11:13 of 1st period - Puck is out of play.
11:14 of 1st period - Evgeni Malkin wins face-off versus Derek Roy in Maple Leafs zone.
11:35 of 1st period - Sergei Gonchar is hit by Derek Roy and loses puck.
11:54 of 1st period - Snap shot by Nicklas Backstrom.
11:54 of 1st period - Deflect By Alex Goligoski.
11:54 of 1st period - Stopped by Mike Dunham with a rebound.
11:56 of 1st period - Slapshot by Sergei Gonchar.
11:56 of 1st period - Shot Blocked by Alex Goligoski.
12:19 of 1st period - Snap shot by Steve Ott.
12:19 of 1st period - Shot Misses the Net.
13:08 of 1st period - Icing by Nicklas Backstrom.
13:09 of 1st period - Derek Roy wins face-off versus Peter Regin in Capitals zone.
13:42 of 1st period - Backhand shot by Claude Giroux.
13:42 of 1st period - Stopped by Marty Turco without a rebound.
13:43 of 1st period - Peter Forsberg wins face-off versus Evgeni Malkin in Capitals zone.
13:48 of 1st period - Slapshot by Peter Forsberg.
13:48 of 1st period - Stopped by Marty Turco with a rebound.
14:44 of 1st period - Slapshot by Brad Boyes.
14:44 of 1st period - Stopped by Marty Turco with a rebound.
15:08 of 1st period - Backhand shot by Jason Blake.
15:08 of 1st period - Shot Misses the Net.
15:24 of 1st period - Slapshot by Sergei Gonchar.
15:24 of 1st period - Stopped by Mike Dunham with a rebound.
15:26 of 1st period - Snap shot by Éric Dazé.
15:26 of 1st period - Shot Misses the Net.
16:33 of 1st period - Wrist shot by Ales Hemsky.
16:33 of 1st period - Stopped by Mike Dunham without a rebound.
16:34 of 1st period - Peter Forsberg wins face-off versus Peter Regin in Maple Leafs zone.
16:34 of 1st period - Peter Forsberg is hit by Peter Regin.
16:47 of 1st period - Snap shot by Peter Regin.
16:47 of 1st period - Stopped by Mike Dunham with a rebound.
17:14 of 1st period - Wrist shot by Steve Ott.
17:14 of 1st period - Stopped by Marty Turco with a rebound.
17:20 of 1st period - Alex Goligoski is hit by Evgeni Malkin and loses puck.
18:05 of 1st period - Dion Phaneuf is hit by Toni Lydman and loses puck.
18:22 of 1st period - Slapshot by Dion Phaneuf.
18:22 of 1st period - Shot Blocked by Evgeni Malkin.
18:24 of 1st period - Snap shot by Peter Forsberg.
18:24 of 1st period - Stopped by Marty Turco with a rebound.
18:42 of 1st period - Scott Walker is hit by Sergei Gonchar and loses puck.
19:03 of 1st period - Wrist shot by Corey Perry.
19:03 of 1st period - Shot Misses the Net.
19:39 of 1st period - Wrist shot by Patrick Kane.
19:39 of 1st period - Shot Misses the Net.
19:41 of 1st period - Wrist shot by Mike Richards.
19:41 of 1st period - Goal by Mike Richards - Maple Leafs : 1 - Capitals : 2.
19:42 of 1st period - Derek Roy wins face-off versus Nicklas Backstrom in neutral zone.
19:44 of 1st period - Dion Phaneuf is hit by Corey Perry.
19:52 of 1st period - Snap shot by Derek Roy.
19:52 of 1st period - Stopped by Marty Turco with a rebound.
2nd period
0:01 of 2nd period - Mike Richards wins face-off versus Peter Forsberg in neutral zone.
0:08 of 2nd period - Off-side.
0:09 of 2nd period - Peter Forsberg wins face-off versus Evgeni Malkin in neutral zone.
0:44 of 2nd period - Wrist shot by Claude Giroux.
0:44 of 2nd period - Stopped by Marty Turco without a rebound.
0:45 of 2nd period - Derek Roy wins face-off versus Jordan Staal in Capitals zone.
0:52 of 2nd period - Wrist shot by Zach Parise.
0:52 of 2nd period - Stopped by Marty Turco with a rebound.
1:20 of 2nd period - Slapshot by Nicklas Backstrom.
1:20 of 2nd period - Stopped by Mike Dunham with a rebound.
1:30 of 2nd period - Wrist shot by Ales Hemsky.
1:30 of 2nd period - Shot Blocked by Eric Brewer.
1:47 of 2nd period - Icing by Eric Brewer.
1:48 of 2nd period - Paul Stastny wins face-off versus Patrick Kane in Maple Leafs zone.
2:16 of 2nd period - Slapshot by Eric Brewer.
2:16 of 2nd period - Stopped by Marty Turco with a rebound.
2:20 of 2nd period - Snap shot by Claude Giroux.
2:20 of 2nd period - Shot Blocked by Jason Blake.
2:38 of 2nd period - Snap shot by Alex Tanguay.
2:38 of 2nd period - Stopped by Mike Dunham with a rebound.
3:02 of 2nd period - Dennis Wideman is hit by Brett Clark and loses puck.
3:39 of 2nd period - Snap shot by Paul Stastny.
3:39 of 2nd period - Shot Misses the Net.
3:56 of 2nd period - Minor Penalty to Steve Ott for Tripping.
3:57 of 2nd period - Peter Forsberg wins face-off versus Patrick Kane in Maple Leafs zone.
5:56 of 2nd period - Penalty to Steve Ott is over, Steve Ott is back on ice.
6:07 of 2nd period - Brett Clark is hit by Jordan Staal and loses puck.
6:14 of 2nd period - Slapshot by Jason Blake.
6:14 of 2nd period - Stopped by Mike Dunham with a rebound.
6:36 of 2nd period - Brett Clark is hit by Éric Dazé and loses puck.
7:36 of 2nd period - Patrick Kane is hit by Dion Phaneuf and loses puck.
7:49 of 2nd period - Slapshot by Dion Phaneuf.
7:49 of 2nd period - Deflect By Peter Forsberg.
7:49 of 2nd period - Shot Blocked by Toni Lydman.
7:49 of 2nd period - Puck is out of play.
7:50 of 2nd period - Peter Forsberg wins face-off versus Jordan Staal in Capitals zone.
8:17 of 2nd period - Wrist shot by Ales Hemsky.
8:17 of 2nd period - Shot Misses the Net.
8:19 of 2nd period - Snap shot by Sergei Gonchar.
8:19 of 2nd period - Shot Blocked by Jordan Leopold.
9:23 of 2nd period - Éric Dazé is hit by Brad Boyes and loses puck.
9:30 of 2nd period - Zach Parise is hit by Peter Regin and loses puck.
9:43 of 2nd period - Wrist shot by Rob Niedermayer.
9:43 of 2nd period - Shot Hit the Post.
10:42 of 2nd period - Slapshot by Peter Regin.
10:42 of 2nd period - Shot Blocked by Zach Parise.
10:46 of 2nd period - Snap shot by Ales Hemsky.
10:46 of 2nd period - Shot Misses the Net.
10:48 of 2nd period - Wrist shot by Peter Regin.
10:48 of 2nd period - Shot Blocked by Eric Brewer.
10:50 of 2nd period - Wrist shot by Éric Dazé.
10:50 of 2nd period - Shot Blocked by Eric Brewer.
10:52 of 2nd period - Snap shot by Darius Kasparaitis.
10:52 of 2nd period - Shot Blocked by Derek Roy.
11:04 of 2nd period - François Beauchemin is hit by Steve Ott and loses puck.
11:11 of 2nd period - Alex Goligoski is hit by Alex Tanguay and loses puck.
12:00 of 2nd period - Ales Hemsky is hit by Zach Parise and loses puck.
12:36 of 2nd period - Dennis Wideman is hit by Andy Hilbert and loses puck.
12:53 of 2nd period - Slapshot by François Beauchemin.
12:53 of 2nd period - Stopped by Mike Dunham without a rebound.
12:54 of 2nd period - Rob Niedermayer wins face-off versus Jordan Staal in Maple Leafs zone.
13:16 of 2nd period - Icing by Brad Boyes.
13:17 of 2nd period - Evgeni Malkin wins face-off versus Derek Roy in Maple Leafs zone.
13:18 of 2nd period - Snap shot by Patrick Kane.
13:18 of 2nd period - Stopped by Mike Dunham without a rebound.
13:19 of 2nd period - Peter Forsberg wins face-off versus Evgeni Malkin in Maple Leafs zone.
13:30 of 2nd period - Snap shot by Claude Giroux.
13:30 of 2nd period - Stopped by Marty Turco without a rebound.
13:31 of 2nd period - Mike Richards wins face-off versus Peter Forsberg in Capitals zone.
13:44 of 2nd period - Snap shot by Patrick Kane.
13:44 of 2nd period - Stopped by Mike Dunham without a rebound.
13:45 of 2nd period - Peter Forsberg wins face-off versus Nicklas Backstrom in Maple Leafs zone.
14:01 of 2nd period - Dion Phaneuf is hit by Alex Tanguay and loses puck.
14:37 of 2nd period - Wrist shot by Ales Hemsky.
14:37 of 2nd period - Stopped by Mike Dunham without a rebound.
14:38 of 2nd period - Peter Forsberg wins face-off versus Peter Regin in Maple Leafs zone.
14:38 of 2nd period - Peter Forsberg is hit by Darius Kasparaitis.
15:09 of 2nd period - Snap shot by Evgeni Malkin.
15:09 of 2nd period - Goal by Evgeni Malkin - Maple Leafs : 1 - Capitals : 3.
15:10 of 2nd period - Evgeni Malkin wins face-off versus Dustin Penner in neutral zone.
15:15 of 2nd period - Slapshot by Patrick Kane.
15:15 of 2nd period - Shot Misses the Net.
15:20 of 2nd period - Off-side.
15:21 of 2nd period - Evgeni Malkin wins face-off versus Peter Forsberg in neutral zone.
16:20 of 2nd period - Snap shot by Steve Ott.
16:20 of 2nd period - Stopped by Marty Turco without a rebound.
16:21 of 2nd period - Evgeni Malkin wins face-off versus Peter Forsberg in Capitals zone.
16:48 of 2nd period - Toni Lydman is hit by Zach Parise and loses puck.
17:09 of 2nd period - Wrist shot by Scott Walker.
17:09 of 2nd period - Stopped by Marty Turco with a rebound.
17:11 of 2nd period - Snap shot by Rob Niedermayer.
17:11 of 2nd period - Deflect By Scott Walker.
17:11 of 2nd period - Stopped by Marty Turco without a rebound.
17:12 of 2nd period - Jordan Staal wins face-off versus Rob Niedermayer in Capitals zone.
17:12 of 2nd period - Jordan Staal is hit by Rob Niedermayer.
17:18 of 2nd period - Brent Burns is hit by Brian Rolston and loses puck.
17:25 of 2nd period - Snap shot by Scott Walker.
17:25 of 2nd period - Deflect By Jason Blake.
17:25 of 2nd period - Shot Misses the Net.
17:25 of 2nd period - Puck is out of play.
17:26 of 2nd period - Peter Forsberg wins face-off versus Evgeni Malkin in Capitals zone.
17:53 of 2nd period - Zach Parise is hit by Alex Tanguay and loses puck.
18:12 of 2nd period - Jordan Staal is hit by Steve Ott and loses puck.
19:12 of 2nd period - Icing by Nicklas Backstrom.
19:13 of 2nd period - Derek Roy wins face-off versus Nicklas Backstrom in Capitals zone.
19:21 of 2nd period - Minor Penalty to Nicklas Backstrom for Holding.
19:21 of 2nd period - Minor Penalty to Dion Phaneuf for Interference.
19:22 of 2nd period - Evgeni Malkin wins face-off versus Peter Forsberg in neutral zone.
19:27 of 2nd period - Snap shot by Evgeni Malkin.
19:27 of 2nd period - Goal by Evgeni Malkin - Maple Leafs : 1 - Capitals : 4.
19:28 of 2nd period - Evgeni Malkin wins face-off versus Peter Forsberg in neutral zone.
3rd period
0:01 of 3rd period - Evgeni Malkin wins face-off versus Peter Forsberg in neutral zone.
0:14 of 3rd period - Snap shot by Evgeni Malkin.
0:14 of 3rd period - Goal by Evgeni Malkin - Maple Leafs : 1 - Capitals : 5.
0:14 of 3rd period - Marc-André Fleury enters game.
0:15 of 3rd period - Peter Forsberg wins face-off versus Evgeni Malkin in neutral zone.
0:17 of 3rd period - Off-side.
0:18 of 3rd period - Evgeni Malkin wins face-off versus Peter Forsberg in neutral zone.
1:21 of 3rd period - Penalty to Nicklas Backstrom is over, Nicklas Backstrom is back on ice.
1:21 of 3rd period - Penalty to Dion Phaneuf is over, Dion Phaneuf is back on ice.
1:26 of 3rd period - Dion Phaneuf is hit by Ales Hemsky and loses puck.
1:31 of 3rd period - Snap shot by François Beauchemin.
1:31 of 3rd period - Stopped by Marc-André Fleury without a rebound.
1:32 of 3rd period - Nicklas Backstrom wins face-off versus Rob Niedermayer in Maple Leafs zone.
1:35 of 3rd period - Slapshot by Corey Perry.
1:35 of 3rd period - Shot Misses the Net.
1:37 of 3rd period - Snap shot by Alex Tanguay.
1:37 of 3rd period - Stopped by Marc-André Fleury without a rebound.
1:38 of 3rd period - Nicklas Backstrom wins face-off versus Rob Niedermayer in Maple Leafs zone.
1:47 of 3rd period - Snap shot by Corey Perry.
1:47 of 3rd period - Shot Blocked by Rob Niedermayer.
1:49 of 3rd period - Slapshot by Keith Ballard.
1:49 of 3rd period - Shot Misses the Net.
1:51 of 3rd period - Slapshot by Alex Tanguay.
1:51 of 3rd period - Stopped by Marc-André Fleury with a rebound.
1:53 of 3rd period - Wrist shot by Alex Tanguay.
1:53 of 3rd period - Deflect By Corey Perry.
1:53 of 3rd period - Stopped by Marc-André Fleury with a rebound.
3:03 of 3rd period - Sergei Gonchar is hit by Rob Niedermayer and loses puck.
3:22 of 3rd period - Snap shot by Evgeni Malkin.
3:22 of 3rd period - Shot Blocked by Eric Brewer.
3:24 of 3rd period - Wrist shot by Evgeni Malkin.
3:24 of 3rd period - Stopped by Marc-André Fleury with a rebound.
3:42 of 3rd period - Snap shot by Darius Kasparaitis.
3:42 of 3rd period - Stopped by Marc-André Fleury without a rebound.
3:43 of 3rd period - Peter Forsberg wins face-off versus Jordan Staal in Maple Leafs zone.
4:06 of 3rd period - Snap shot by Peter Forsberg.
4:06 of 3rd period - Deflect By Dustin Penner.
4:06 of 3rd period - Shot Blocked by Jason Blake.
4:06 of 3rd period - Puck is out of play.
4:07 of 3rd period - Derek Roy wins face-off versus Evgeni Malkin in Capitals zone.
4:10 of 3rd period - Snap shot by Derek Roy.
4:10 of 3rd period - Shot Blocked by Evgeni Malkin.
5:04 of 3rd period - Icing by Toni Lydman.
5:05 of 3rd period - Jordan Staal wins face-off versus Derek Roy in Capitals zone.
5:32 of 3rd period - Wrist shot by Patrick Kane.
5:32 of 3rd period - Stopped by Marc-André Fleury with a rebound.
5:58 of 3rd period - Icing by Brett Clark.
5:59 of 3rd period - Paul Stastny wins face-off versus Nicklas Backstrom in Maple Leafs zone.
5:59 of 3rd period - Paul Stastny is hit by Alex Tanguay.
6:09 of 3rd period - Snap shot by Paul Stastny.
6:09 of 3rd period - Stopped by Marty Turco with a rebound.
6:11 of 3rd period - Snap shot by Brad Boyes.
6:11 of 3rd period - Stopped by Marty Turco with a rebound.
6:21 of 3rd period - Snap shot by Andy Hilbert.
6:21 of 3rd period - Stopped by Marty Turco with a rebound.
6:23 of 3rd period - Snap shot by Brad Boyes.
6:23 of 3rd period - Deflect By Paul Stastny.
6:23 of 3rd period - Shot Hit the Post.
6:23 of 3rd period - Puck is out of play.
6:24 of 3rd period - Peter Forsberg wins face-off versus Evgeni Malkin in Capitals zone.
6:35 of 3rd period - Wrist shot by Peter Forsberg.
6:35 of 3rd period - Shot Misses the Net.
7:01 of 3rd period - Slapshot by Steve Ott.
7:01 of 3rd period - Stopped by Marty Turco with a rebound.
7:10 of 3rd period - Off-side.
7:11 of 3rd period - Nicklas Backstrom wins face-off versus Derek Roy in neutral zone.
7:22 of 3rd period - Wrist shot by Nicklas Backstrom.
7:22 of 3rd period - Stopped by Marc-André Fleury without a rebound.
7:23 of 3rd period - Peter Forsberg wins face-off versus Evgeni Malkin in Maple Leafs zone.
7:28 of 3rd period - Patrick Kane is hit by Dustin Penner and loses puck.
7:33 of 3rd period - Backhand shot by Peter Forsberg.
7:33 of 3rd period - Shot Misses the Net.
7:56 of 3rd period - Minor Penalty to Brad Boyes for Hooking.
7:57 of 3rd period - Peter Forsberg wins face-off versus Evgeni Malkin in Maple Leafs zone.
8:10 of 3rd period - Wrist shot by Evgeni Malkin.
8:10 of 3rd period - Deflect By Patrick Kane.
8:10 of 3rd period - Stopped by Marc-André Fleury with a rebound.
8:54 of 3rd period - Wrist shot by Rob Niedermayer.
8:54 of 3rd period - Stopped by Marty Turco without a rebound.
8:55 of 3rd period - Rob Niedermayer wins face-off versus Mike Richards in Capitals zone.
8:58 of 3rd period - Snap shot by Rob Niedermayer.
8:58 of 3rd period - Stopped by Marty Turco without a rebound.
8:59 of 3rd period - Rob Niedermayer wins face-off versus Nicklas Backstrom in Capitals zone.
9:26 of 3rd period - Slapshot by Alex Goligoski.
9:26 of 3rd period - Deflect By Patrick Kane.
9:26 of 3rd period - Stopped by Marty Turco with a rebound.
9:56 of 3rd period - Penalty to Brad Boyes is over, Brad Boyes is back on ice.
11:18 of 3rd period - Slapshot by Sergei Gonchar.
11:18 of 3rd period - Shot Misses the Net.
11:20 of 3rd period - Wrist shot by Sergei Gonchar.
11:20 of 3rd period - Shot Misses the Net.
11:36 of 3rd period - Slapshot by Evgeni Malkin.
11:36 of 3rd period - Stopped by Marc-André Fleury with a rebound.
11:56 of 3rd period - Jordan Leopold is hit by Peter Regin and loses puck.
12:03 of 3rd period - Wrist shot by Peter Regin.
12:03 of 3rd period - Goal by Peter Regin - Maple Leafs : 1 - Capitals : 6.
12:04 of 3rd period - Peter Forsberg wins face-off versus Evgeni Malkin in neutral zone.
12:09 of 3rd period - Dennis Wideman is hit by Dustin Penner and loses puck.
12:11 of 3rd period - Minor Penalty to Patrick Kane for Holding.
12:11 of 3rd period - Minor Penalty to Peter Forsberg for Goalie Interference.
12:12 of 3rd period - Evgeni Malkin wins face-off versus Paul Stastny in Capitals zone.
13:22 of 3rd period - Icing by François Beauchemin.
13:23 of 3rd period - Paul Stastny wins face-off versus Evgeni Malkin in Capitals zone.
14:11 of 3rd period - Penalty to Patrick Kane is over, Patrick Kane is back on ice.
14:11 of 3rd period - Penalty to Peter Forsberg is over, Peter Forsberg is back on ice.
14:19 of 3rd period - Slapshot by Patrick Kane.
14:19 of 3rd period - Shot Blocked by Dion Phaneuf.
14:21 of 3rd period - Slapshot by Evgeni Malkin.
14:21 of 3rd period - Shot Misses the Net.
14:23 of 3rd period - Wrist shot by Evgeni Malkin.
14:23 of 3rd period - Shot Misses the Net.
14:25 of 3rd period - Slapshot by François Beauchemin.
14:25 of 3rd period - Shot Blocked by Dion Phaneuf.
14:35 of 3rd period - Snap shot by Patrick Kane.
14:35 of 3rd period - Deflect By Evgeni Malkin.
14:35 of 3rd period - Goal by Evgeni Malkin - Maple Leafs : 1 - Capitals : 7.
14:36 of 3rd period - Nicklas Backstrom wins face-off versus Derek Roy in neutral zone.
14:39 of 3rd period - Minor Penalty to Alex Tanguay for Interference.
14:40 of 3rd period - Derek Roy wins face-off versus Nicklas Backstrom in Capitals zone.
15:50 of 3rd period - Icing by Alex Goligoski.
15:51 of 3rd period - Peter Forsberg wins face-off versus Jordan Staal in Maple Leafs zone.
16:21 of 3rd period - Evgeni Malkin is hit by Dustin Penner and loses puck.
16:39 of 3rd period - Penalty to Alex Tanguay is over, Alex Tanguay is back on ice.
18:21 of 3rd period - Icing by Claude Giroux.
18:22 of 3rd period - Peter Regin wins face-off versus Paul Stastny in Maple Leafs zone.
18:27 of 3rd period - Snap shot by Ales Hemsky.
18:27 of 3rd period - Deflect By Lasse Kukkonen.
18:27 of 3rd period - Shot Blocked by Dion Phaneuf.
18:27 of 3rd period - Puck is out of play.
18:28 of 3rd period - Peter Regin wins face-off versus Andy Hilbert in Maple Leafs zone.
18:29 of 3rd period - Slapshot by Ales Hemsky.
18:29 of 3rd period - Shot Misses the Net.
18:37 of 3rd period - Wrist shot by Peter Regin.
18:37 of 3rd period - Goal by Peter Regin - Maple Leafs : 1 - Capitals : 8.
18:38 of 3rd period - Peter Forsberg wins face-off versus Evgeni Malkin in neutral zone.
18:41 of 3rd period - Wrist shot by Peter Forsberg.
18:41 of 3rd period - Stopped by Marty Turco without a rebound.
18:42 of 3rd period - Peter Forsberg wins face-off versus Evgeni Malkin in Capitals zone.
18:49 of 3rd period - Slapshot by Sergei Gonchar.
18:49 of 3rd period - Stopped by Marc-André Fleury with a rebound.
18:57 of 3rd period - Patrick Kane is hit by Claude Giroux and loses puck.
19:20 of 3rd period - Brad Boyes is hit by Alex Tanguay and loses puck.
19:58 of 3rd period - Off-side.
19:59 of 3rd period - Evgeni Malkin wins face-off versus Derek Roy in neutral zone.
Output by the SimonT Hockey Simulator (STHS) for François Prévost -- Original Page W3C XHTML 1.0 Valid